SAA
LONG ISLAND SEAWOLVES @ DURHAM RAPIERS
09/16/2030
 
TOP OF THE 1ST
Long Island Seawolves batting - Pitching for Durham Rapiers : RHP Edward Scarborough
Pitching: RHP Edward Scarborough
Batting: RHB Abad Lugo 0-0: Ball
1-0: Ground out 5-3 (Groundball, 56)
Batting: RHB Sheldon Deshotels 0-0: Swinging Strike
0-1: Fly out, F9 (Flyball, 9)
Batting: RHB Alfredo Escalante 0-0: Called Strike
0-1: Ball
1-1: Called Strike
1-2: Fly out, F7 (Flyball, 7)
Top of the 1st over - 0 runs, 0 hits, 0 errors, 0 left on base; Long Island 0 - Durham 0
BOTTOM OF THE 1ST
Durham Rapiers batting - Pitching for Long Island Seawolves : RHP Santos Guzowski
Pitching: RHP Santos Guzowski
Batting: LHB Alberto Garza 0-0: Reached on error, E7 (Line Drive, 7D)
Batting: RHB Tomás Costello 0-0: SINGLE (Flyball, 8RS)
Alberto Garza to third
Batting: SHB Wenceslas Holbeche 0-0: Fly out, F9 (Flyball, 9LS)
Runner from 3rd tags up, SCORES, throw made
Batting: RHB Vincent Klein 0-0: Called Strike
0-1: Foul Ball, location: 2F
0-2: Ball
1-2: Ball
2-2: Grounds into double play, 5-4-3 (Groundball, 56)
Bottom of the 1st over - 1 run, 1 hit, 1 error, 0 left on base; Long Island 0 - Durham 1
TOP OF THE 2ND
Long Island Seawolves batting - Pitching for Durham Rapiers : RHP Edward Scarborough
Batting: LHB Pedro Colón 0-0: Called Strike
0-1: Swinging Strike
0-2: Ball
1-2: Strikes out swinging
Batting: RHB Max Berman 0-0: Ball
1-0: Foul Ball, location: 2F
1-1: Fly out, F9 (Flyball, 9S)
Batting: SHB Carlos González 0-0: Swinging Strike
0-1: Foul Ball, location: 2F
0-2: SINGLE (Groundball, 6D)
Batting: RHB DeAndre Thomas 0-0: Called Strike
0-1: Foul Ball, location: 2F
0-2: Ball
1-2: Foul Ball, location: 2F
1-2: Ball
2-2: Fly out, F9 (Flyball, 9)
Top of the 2nd over - 0 runs, 1 hit, 0 errors, 1 left on base; Long Island 0 - Durham 1
BOTTOM OF THE 2ND
Durham Rapiers batting - Pitching for Long Island Seawolves : RHP Santos Guzowski
Batting: RHB Armando Chamú 0-0: Foul Ball, location: 2F
0-1: Ball
1-1: Ball
2-1: Ball
3-1: Foul Ball, location: 2F
3-2: Foul Ball, location: 2F
3-2: Base on Balls
Batting: RHB Guillermo Mata 0-0: Ball
1-0: Ball
2-0: Foul Ball, location: 2F
2-1: Fly out, F9 (Flyball, 9LS)
Batting: RHB Yoshi Kouda 0-0: SINGLE (Line Drive, 89M)
Armando Chamú to second
Batting: RHB Lu-fang Koo 0-0: Ball
1-0: Ball
2-0: Ball
3-0: Base on Balls
Armando Chamú to third
Yoshi Kouda to second
Batting: RHB Júlio Gonzáles 0-0: Ball
1-0: Foul Ball, location: 2F
1-1: Foul Ball, location: 2F
1-2: Strikes out swinging
Batting: LHB Alberto Garza 0-0: Ball
1-0: Foul Ball, location: 2F
1-1: Fly out, F4 (Line Drive, 4)
Bottom of the 2nd over - 0 runs, 1 hit, 0 errors, 3 left on base; Long Island 0 - Durham 1
TOP OF THE 3RD
Long Island Seawolves batting - Pitching for Durham Rapiers : RHP Edward Scarborough
Batting: RHB José Orihvela 0-0: Ball
1-0: Ground out 5-3 (Groundball, 56)
Batting: LHB Wilson López 0-0: Called Strike
0-1: Called Strike
0-2: Fly out, F6 (Flyball, 56D)
Batting: RHB Abad Lugo 0-0: Ball
1-0: Ball
2-0: SINGLE (Groundball, 56D)
Batting: RHB Sheldon Deshotels 0-0: Called Strike
0-1: Called Strike
0-2: Ball
Abad Lugo steals 2nd base
1-2: Foul Ball, location: 2F
1-2: Ground out 4-3 (Groundball, 4)
Top of the 3rd over - 0 runs, 1 hit, 0 errors, 1 left on base; Long Island 0 - Durham 1
BOTTOM OF THE 3RD
Durham Rapiers batting - Pitching for Long Island Seawolves : RHP Santos Guzowski
Batting: RHB Tomás Costello 0-0: Called Strike
0-1: Ball
1-1: Swinging Strike
1-2: Ground out 6-3 (Groundball, 6)
Batting: SHB Wenceslas Holbeche 0-0: Ball
1-0: Foul Ball, location: 2F
1-1: Ball
2-1: Called Strike
2-2: Foul Ball, location: 2F
2-2: Foul Ball, location: 2F
2-2: Ball
3-2: Strikes out swinging
Batting: RHB Vincent Klein 0-0: Called Strike
0-1: Foul Ball, location: 2F
0-2: Ball
1-2: Ball
2-2: Strikes out swinging, 2-3 out at first.
Bottom of the 3rd over - 0 runs, 0 hits, 0 errors, 0 left on base; Long Island 0 - Durham 1
TOP OF THE 4TH
Long Island Seawolves batting - Pitching for Durham Rapiers : RHP Edward Scarborough
Batting: RHB Alfredo Escalante 0-0: Called Strike
0-1: Ball
1-1: Ball
2-1: Fly out, F7 (Flyball, 7)
Batting: LHB Pedro Colón 0-0: Called Strike
0-1: Ball
1-1: Ball
2-1: Ball
3-1: Base on Balls
Batting: RHB Max Berman 0-0: Ball
1-0: Foul Ball, location: 2F
1-1: Ball
2-1: Ball
3-1: Swinging Strike
3-2: Foul Ball, location: 2F
3-2: SINGLE (Line Drive, 4D)
Pedro Colón to second
Runner from 2nd tries for 3rd, SAFE, no throw
Batting: SHB Carlos González 0-0: Called Strike
0-1: Ball
1-1: Fielders Choice at 2nd, 1-6 (Groundball, 13S)
Batting: RHB DeAndre Thomas 0-0: Ball
1-0: Ball
2-0: Ground out 6-3 (Groundball, 6MS)
Top of the 4th over - 0 runs, 1 hit, 0 errors, 2 left on base; Long Island 0 - Durham 1
BOTTOM OF THE 4TH
Durham Rapiers batting - Pitching for Long Island Seawolves : RHP Santos Guzowski
Batting: RHB Armando Chamú 0-0: Swinging Strike
0-1: Called Strike
0-2: Strikes out swinging
Batting: RHB Guillermo Mata 0-0: Fly out, F7 (Flyball, 7LS)
Batting: RHB Yoshi Kouda 0-0: Ball
1-0: Called Strike
1-1: Foul Ball, location: 2F
1-2: Ball
2-2: Foul Ball, location: 2F
2-2: Ball
3-2: Foul Ball, location: 2F
3-2: Foul Ball, location: 2F
3-2: Base on Balls
Batting: RHB Lu-fang Koo 0-0: Ball
1-0: Called Strike
Pickoff Throw to First - Error! E1
Yoshi Kouda to second
1-1: Swinging Strike
1-2: Strikes out swinging
Bottom of the 4th over - 0 runs, 0 hits, 1 error, 1 left on base; Long Island 0 - Durham 1
TOP OF THE 5TH
Long Island Seawolves batting - Pitching for Durham Rapiers : RHP Edward Scarborough
Batting: RHB José Orihvela 0-0: Fly out, F5 (Line Drive, 56)
Batting: LHB Wilson López 0-0: Ball
1-0: Ball
2-0: Foul Ball, location: 2F
2-1: Foul Ball, location: 2F
2-2: Strikes out swinging
Pitching: LHP Bill Minor
Batting: RHB Abad Lugo 0-0: Ball
1-0: Ball
2-0: Called Strike
2-1: Foul Ball, location: 2F
2-2: Foul Ball, location: 2F
2-2: Ball
3-2: Ground out 5-3 (Groundball, 56)
Top of the 5th over - 0 runs, 0 hits, 0 errors, 0 left on base; Long Island 0 - Durham 1
BOTTOM OF THE 5TH
Durham Rapiers batting - Pitching for Long Island Seawolves : RHP Santos Guzowski
Batting: RHB Júlio Gonzáles 0-0: Ground out 5-3 (Groundball, 5L)
Batting: LHB Alberto Garza 0-0: Swinging Strike
0-1: Ball
1-1: Fly out, F9 (Flyball, 9LM)
Batting: RHB Tomás Costello 0-0: SINGLE (Line Drive, 89S)
Batting: SHB Wenceslas Holbeche 0-0: Called Strike
0-1: Swinging Strike
0-2: Strikes out swinging
Bottom of the 5th over - 0 runs, 1 hit, 0 errors, 1 left on base; Long Island 0 - Durham 1
TOP OF THE 6TH
Long Island Seawolves batting - Pitching for Durham Rapiers : LHP Bill Minor
Batting: RHB Sheldon Deshotels 0-0: Ball
1-0: Foul Ball, location: 2F
1-1: Foul Ball, location: 2F
1-2: Ball
2-2: Ball
3-2: Fly out, F7 (Line Drive, 7D)
Batting: RHB Alfredo Escalante 0-0: Ball
1-0: Called Strike
1-1: Called Strike
1-2: Ball
2-2: Strikes out swinging
Batting: LHB Pedro Colón 0-0: Foul Ball, location: 2F
0-1: Foul Ball, location: 2F
0-2: Foul Ball, location: 2F
0-2: Ball
1-2: Strikes out swinging
Top of the 6th over - 0 runs, 0 hits, 0 errors, 0 left on base; Long Island 0 - Durham 1
BOTTOM OF THE 6TH
Durham Rapiers batting - Pitching for Long Island Seawolves : RHP Santos Guzowski
Batting: RHB Vincent Klein 0-0: Ball
1-0: Ball
2-0: Foul Ball, location: 2F
2-1: Ball
3-1: Fly out, F7 (Flyball, 7S)
Batting: RHB Armando Chamú 0-0: Ball
1-0: Ball
2-0: Ground out 6-3 (Groundball, 6D)
Batting: RHB Guillermo Mata 0-0: SINGLE (Line Drive, 78M)
Batting: RHB Yoshi Kouda 0-0: Ball
1-0: Foul Ball, location: 2F
1-1: Ball
2-1: Foul Ball, location: 2F
2-2: SINGLE (Line Drive, 78S)
Guillermo Mata to second
Batting: RHB Lu-fang Koo 0-0: Foul Ball, location: 2F
0-1: Fly out, F9 (Line Drive, 9)
Bottom of the 6th over - 0 runs, 2 hits, 0 errors, 2 left on base; Long Island 0 - Durham 1
TOP OF THE 7TH
Long Island Seawolves batting - Pitching for Durham Rapiers : LHP Bill Minor
Batting: RHB Max Berman 0-0: SINGLE (Groundball, 34S) (infield hit)
Batting: SHB Carlos González 0-0: Sac Bunt - play at first, batter OUT! 1-4
Max Berman to second
Batting: RHB DeAndre Thomas 0-0: Ball
1-0: Called Strike
1-1: SINGLE (Flyball, 8LS)
Max Berman to third
Runner from 3rd tries for Home, SAFE, no throw
Pinch Hitting: RHB Armando Rey 0-0: Ball
1-0: Ball
2-0: Ground out 5-3 (Groundball, 5)
DeAndre Thomas to second
Pinch Hitting: RHB Jeff MacCamie 0-0: Called Strike
0-1: Ball
1-1: SINGLE (Groundball, 4D)
DeAndre Thomas to third
Runner from 3rd tries for Home, SAFE, no throw
Batting: RHB Abad Lugo 0-0: Ball
1-0: Swinging Strike
1-1: Called Strike
1-2: Ground out 4-3 (Groundball, 4)
Top of the 7th over - 2 runs, 3 hits, 0 errors, 1 left on base; Long Island 2 - Durham 1
BOTTOM OF THE 7TH
Durham Rapiers batting - Pitching for Long Island Seawolves : RHP Santos Guzowski
Now at SS: Armando Rey
Now in RF: Michael van Berkel
Batting: RHB Júlio Gonzáles 0-0: Called Strike
0-1: Fly out, F9 (Flyball, 9D)
Batting: LHB Alberto Garza 0-0: Swinging Strike
0-1: Foul Ball, location: 2F
0-2: Strikes out swinging, 2-3 out at first.
Batting: RHB Tomás Costello 0-0: Foul Ball, location: 2F
0-1: Ball
1-1: Ground out 5-3 (Groundball, 56)
Bottom of the 7th over - 0 runs, 0 hits, 0 errors, 0 left on base; Long Island 2 - Durham 1
TOP OF THE 8TH
Long Island Seawolves batting - Pitching for Durham Rapiers : LHP Bill Minor
Batting: RHB Sheldon Deshotels 0-0: Ball
1-0: Foul Ball, location: 2F
1-1: DOUBLE (Line Drive, 78D)
Batting: RHB Alfredo Escalante 0-0: Intentional Walk
Pitching: LHP John Hartley
Pinch Hitting: RHB Rob McGinnity 0-0: Called Strike
0-1: Ball
1-1: Ball
2-1: Called Strike
2-2: Strikes out looking
Batting: RHB Max Berman 0-0: Ball
1-0: Called Strike
1-1: SINGLE (Groundball, 6D)
Sheldon Deshotels to third
Alfredo Escalante to second
Runner from 3rd tries for Home, SAFE, no throw
Batting: SHB Carlos González 0-0: Ball
1-0: Ball
2-0: Ball
3-0: Called Strike
3-1: Fly out, F9 (Flyball, 9S)
Batting: RHB DeAndre Thomas 0-0: Foul Ball, location: 2F
0-1: Ball
1-1: Ball
2-1: Swinging Strike
2-2: Fly out, F7 (Flyball, 78M)
Top of the 8th over - 1 run, 2 hits, 0 errors, 2 left on base; Long Island 3 - Durham 1
BOTTOM OF THE 8TH
Durham Rapiers batting - Pitching for Long Island Seawolves : RHP Santos Guzowski
Now at 1B: Fernando Pineda
Batting: SHB Wenceslas Holbeche 0-0: SINGLE (Groundball, 4MD)
Batting: RHB Vincent Klein 0-0: Ball
1-0: Called Strike
1-1: Grounds into double play, 6-4-3 (Groundball, 6)
Batting: RHB Armando Chamú 0-0: Ball
1-0: Foul Ball, location: 2F
1-1: Ball
2-1: Ball
3-1: Foul Ball, location: 2F
3-2: Base on Balls
Batting: RHB Guillermo Mata 0-0: Fielders Choice at 2nd, 5-4 (Groundball, 56)
Bottom of the 8th over - 0 runs, 1 hit, 0 errors, 1 left on base; Long Island 3 - Durham 1
TOP OF THE 9TH
Long Island Seawolves batting - Pitching for Durham Rapiers : LHP John Hartley
Batting: RHB Armando Rey 0-0: Called Strike
0-1: Called Strike
0-2: Strikes out swinging
Batting: LHB Michael van Berkel 0-0: Ball
1-0: Called Strike
1-1: Foul Ball, location: 2F
1-2: Fly out, F9 (Line Drive, 9LS)
Batting: RHB Abad Lugo 0-0: Ground out 6-3 (Groundball, 6)
Top of the 9th over - 0 runs, 0 hits, 0 errors, 0 left on base; Long Island 3 - Durham 1
BOTTOM OF THE 9TH
Durham Rapiers batting - Pitching for Long Island Seawolves : RHP Santos Guzowski
Pitching: RHP Vinny Mariani
Batting: RHB Yoshi Kouda 0-0: Called Strike
0-1: Foul Ball, location: 2F
0-2: Fly out, F8 (Flyball, 89M)
Batting: RHB Lu-fang Koo 0-0: Called Strike
0-1: Ball
1-1: Ball
2-1: Foul Ball, location: 2F
2-2: Strikes out swinging
Batting: RHB Júlio Gonzáles 0-0: Ball
1-0: Ground out 1-3 (Groundball, P)
Bottom of the 9th over - 0 runs, 0 hits, 0 errors, 0 left on base; Long Island 3 - Durham 1
Sunday, March 18th, 2018 - OOTP Baseball 18.8 Build 76